 Bloatcrawl 2 version 2.3.0-a0-4-gb78c767 (webtiles) character file.

Game seed: 12550413807288994698, levelgen mode: deterministic

0 Bigchungus the Butterfly Child (level 1, -1/2 HPs)
             Began as a Butterfly Inheritor on Jan 4, 2020.
             Was a Follower of Hepliaklqana.
             Slain by a giant cockroach (2 damage)
             ... on level 1 of the Dungeon.
             The game lasted 00:01:25 (160 turns).

Bigchungus the Butterfly Child (Butterfly Inheritor) Turns: 160, Time: 00:01:26

Health: -1/2       AC:  0    Str:  7    XL:     1   Next: 0%
Magic:  2/2        EV: 15    Int: 15    God:    Hepliaklqana [*.....]
Gold:   9          SH:  0    Dex: 15    Spells: 0/0 levels left Game modifiers: None

rFire    . . .     SeeInvis +   (weapon unavailable)
rCold    . . .     Gourm    .   (shield unavailable)
rNeg     . . .     Faith    .   (armour unavailable)
rPois    .         Spirit   .   (helmet unavailable)
rElec    .         Reflect  .   (cloak unavailable)
rCorr    .         Harm     .   (gloves unavailable)
MR       .....                  (boots unavailable)
Stlth    +.........             (no amulet)
HPRegen  0.01/turn              (no ring)
MPRegen  0.08/turn              (no ring)

@: no status effects
A: very small, no armour, no weapons or thrown items, neutral monsters, reduced
essence, antennae 3, big wings
a: Fly, Recall Ancestor, Ancestor Identity, Renounce Religion


You were on level 1 of the Dungeon.
You worshipped Hepliaklqana.
Hepliaklqana was aware of your devotion.
You were not hungry.

You visited 1 branch of the dungeon, and saw 1 of its levels.

You collected 9 gold pieces.

Inventory:

Scrolls
 d - a scroll of teleportation {unknown}
Potions
 b - 2 potions of mutation {unknown}
 c - a potion of curing {unknown}
Comestibles
 a - 2 rations


   Skills:
 + Level 2.4 Invocations


You couldn't memorise any spells.
You didn't know any spells.
Your spell library was empty.

Dungeon Overview and Level Annotations

Branches:
Dungeon (1/15)

Altars:


Innate Abilities, Weirdness & Mutations

You cannot wear armour.
You are incapable of wielding weapons or throwing items.
Monsters turn neutral when they first notice you.
You have a pair of large antennae on your head. (SInv)
Your large and strong wings let you fly indefinitely.
Your life essence is reduced to manifest your ancestor. (-10% HP)


Message History

Unknown command.
Publius emerges from the mists of memory!
A frilled lizard comes into view.
Found 11 gold pieces.
Found a stone staircase leading down.
Found a spear.
There is a stone staircase leading down here.
A giant cockroach comes into view.
The giant cockroach misses you.
The giant cockroach refuses to make way for you. (Use ctrl+direction or * direction to attack.)
The giant cockroach refuses to make way for you. (Use ctrl+direction or * direction to attack.)
The giant cockroach refuses to make way for you. (Use ctrl+direction or * direction to attack.)
The giant cockroach refuses to make way for you. (Use ctrl+direction or * direction to attack.)
The giant cockroach refuses to make way for you. (Use ctrl+direction or * direction to attack.)
The giant cockroach refuses to make way for you. (Use ctrl+direction or * direction to attack.)
You barely miss the giant cockroach. The giant cockroach bites you.
Ouch! That really hurt!
The frilled lizard bites Publius.
The giant cockroach bites you.
Ouch! That really hurt!
You die...

#.# #.# #.#
.....#. #.#
.....#.## #.#
.....# .) #.#
.....# #.### #s#
.....# ... #@#
.....# #.# #R#
....$####.######l#
.........>.......#
#####.############
#.# ... .#### #.


You could see the friendly Publius the ancestor, a giant cockroach and a neutral
frilled lizard.

Vanquished Creatures (others)
  A hobgoblin (D:1)
  An ancestor (D:1)
2 creatures vanquished.

Notes
Turn   | Place    | Note
-------+----------+-------------------------------------------
     0 | D:1      | Bigchungus the Butterfly Inheritor began the quest for the
                  | Orb.
     0 | D:1      | Reached XP level 1. HP: 2/2 MP: 2/2
   160 | D:1      | Slain by a giant cockroach

Levels and vault maps discovered:
D:1:      minmay_arrival_stair_chambers, layout_basic, minmay_pentomino_u2

Action                   || total
-------------------------++-------
Melee: Unarmed           ||     1
Dodge: Dodged            ||     2

Table legend:
 A = Non-vault XP
 B = Vault XP
 C = Vault XP percentage of total XP
 D = Non-vault monster count
 E = Vault monster count
 F = Vault count percentage of total count
                 A         B        C        D         E       F
            +---------+---------+-------+---------+---------+-------
      Total |       0 |       0 |   N/A |       0 |       0 |  -nan
            +---------+---------+-------+---------+---------+-------
            +---------+---------+-------+---------+---------+-------
